 Dungeon Crawl Stone Soup version 0.22-a0-469-gf26638a (webtiles) character file.

68 Laiders72 the Magician (level 4, -1/32 HPs)
             Began as a Gnoll Wizard on June 12, 2018.
             Killed by divine providence
             ... invoked by an orc priest
              (9 damage)
             ... on level 3 of the Dungeon.
             The game lasted 00:05:49 (1917 turns).

Laiders72 the Magician (Gnoll Wizard)               Turns: 1917, Time: 00:05:50

Health: -1/32      AC:  5    Str: 10    XL:     4   Next: 19%
Magic:  1/13       EV: 14    Int: 21    God:
Gold:   132        SH:  0    Dex: 13    Spells: 6/17 levels left

rFire    . . .     SeeInvis .   m - +0 spear
rCold    . . .     Gourm    .   (no shield)
rNeg     . . .     Faith    .   a - +0 robe
rPois    .         Spirit   .   b - +0 hat
rElec    .         Reflect  .   (no cloak)
rCorr    .         Harm     .   (no gloves)
MR       .....                  o - +2 pair of boots
Stlth    +++.......             (no amulet)
HPRegen  0.10/turn              (no ring)
MPRegen  0.13/turn              (no ring)

@: very slightly contaminated
A: distributed training, fangs 1, strong nose
a: no special abilities


You were on level 3 of the Dungeon.
You were not hungry.

You visited 1 branch of the dungeon, and saw 3 of its levels.

You collected 132 gold pieces.

Inventory:

Hand Weapons
 m - a +0 spear (weapon)
Armour
 a - a +0 robe (worn)
 b - a +0 hat (worn)
 o - a +2 pair of boots (worn)
Scrolls
 c - 5 scrolls of remove curse
 g - 2 scrolls of teleportation
 l - a scroll of fog {unknown}
Potions
 e - a potion of berserk rage {unknown}
 f - a potion of invisibility
 h - 2 potions of curing
 i - a potion of cancellation
 j - a potion of magic {unknown}
 p - 2 potions of might
Comestibles
 d - 5 rations


   Skills:
 + Level 1.0 Fighting
 + Level 1.0 Short Blades
 + Level 1.0 Long Blades
 + Level 1.0 Axes
 + Level 1.0 Maces & Flails
 + Level 1.0 Polearms
 + Level 1.0 Staves
 + Level 1.0 Slings
 + Level 1.0 Bows
 + Level 1.0 Crossbows
 + Level 1.0 Throwing
 + Level 1.0 Armour
 + Level 4.6 Dodging
 + Level 4.2 Stealth
 + Level 1.0 Shields
 + Level 1.0 Unarmed Combat
 + Level 7.2 Spellcasting
 + Level 2.2 Conjurations
 + Level 0.8 Hexes
 + Level 0.8 Charms
 + Level 2.2 Summonings
 + Level 0.8 Necromancy
 + Level 2.2 Translocations
 + Level 0.8 Transmutations
 + Level 0.8 Fire Magic
 + Level 0.8 Ice Magic
 + Level 0.8 Air Magic
 + Level 0.8 Earth Magic
 + Level 0.8 Poison Magic
 + Level 1.1 Invocations
 + Level 1.0 Evocations


You had 6 spell levels left.
You knew the following spells:

 Your Spells              Type           Power        Failure   Level  Hunger
a - Magic Dart            Conj           ###.         3%          1    None
b - Blink                 Tloc           N/A          5%          2    None
c - Call Imp              Summ           ###.....     5%          2    None
d - Conjure Flame         Conj/Fire      ##......     14%         3    None
e - Mephitic Cloud        Conj/Pois/Air  ##......     16%         3    None

Your spell library contained the following spells:

 Spells                   Type           Power        Failure   Level  Hunger
 Slow                     Hex            ##......     10%         2    None


Dungeon Overview and Level Annotations

Branches:
Dungeon (3/15)

Altars:


Innate Abilities, Weirdness & Mutations

Your experience applies equally to all skills.
You have very sharp teeth.
Your uncanny sense of smell can sniff out nearby items.


Message History

Your crimson imp closely misses the orc.
You hit the orc but do no damage.
The orc is severely wounded.
The orc hits you with a falchion.
You closely miss the orc. You bite the orc, but do no damage.
The orc is severely wounded.
The orc closely misses you.
Your crimson imp hits the orc.
You hit the orc but do no damage.
The orc is severely wounded.
The orc priest calls down the wrath of Beogh upon you.
Beogh smites you!
* * * LOW HITPOINT WARNING * * *
The orc barely misses you.
Your crimson imp hits the orc.
Your crimson imp hits the orc.
Casting: Call Imp (safe; 5% risk of failure)
Confirm with . or Enter, or press ? or * to list all spells.
You blink.
The orc priest calls down the wrath of Beogh upon you.
Beogh smites you!
You die...

# #############
############...........#
......)....#.#########.#
##########.#.# #.#
##########.#.#### ###.######
........##....o.# #..........
.######.####.##.####.#(#######
.# #.# #.##.#....#.# .# #.#
#o#..@....#.# .# #.#
#o#.#.....#.# .# #.#
#5#..#....#.## .#
#.####............#### .#
#..(.....##.#..##..... .#
######...##..#[##o.... .#
###.5..)........# .#
##.......#....# .#
############......#.....#


You could see an orc priest.

Vanquished Creatures
  2 adders (D:2)
  An ooze (D:1)
  A leopard gecko (D:1)
  2 orcs (D:3)
  2 bats
  A giant cockroach (D:2)
  3 goblins
  3 hobgoblins (D:2)
  3 jackals (D:1)
  8 kobolds
  3 frilled lizards
  A rat (D:1)
30 creatures vanquished.

Vanquished Creatures (collateral kills)
  An adder (D:3)
  A worm (D:2)
  2 orcs (D:3)
  A goblin (D:3)
5 creatures vanquished.

Grand Total: 35 creatures vanquished

Notes
Turn   | Place    | Note
-------+----------+-------------------------------------------
     0 | D:1      | Laiders72 the Gnoll Wizard began the quest for the Orb.
     0 | D:1      | Reached XP level 1. HP: 13/13 MP: 8/8
   350 | D:1      | Reached XP level 2. HP: 20/20 MP: 3/10
   354 | D:1      | Learned a level 2 spell: Blink
   357 | D:1      | Learned a level 2 spell: Call Imp
  1013 | D:2      | Reached XP level 3. HP: 23/25 MP: 1/11
  1397 | D:2      | Reached skill level 1 in Invocations
  1777 | D:3      | Reached skill level 1 in Fighting
  1777 | D:3      | Reached skill level 1 in Short Blades
  1777 | D:3      | Reached skill level 1 in Long Blades
  1777 | D:3      | Reached skill level 1 in Axes
  1777 | D:3      | Reached skill level 1 in Maces & Flails
  1777 | D:3      | Reached skill level 1 in Polearms
  1777 | D:3      | Reached skill level 1 in Staves
  1777 | D:3      | Reached skill level 1 in Slings
  1777 | D:3      | Reached skill level 1 in Bows
  1777 | D:3      | Reached skill level 1 in Crossbows
  1777 | D:3      | Reached skill level 1 in Throwing
  1777 | D:3      | Reached skill level 1 in Armour
  1777 | D:3      | Reached skill level 1 in Shields
  1777 | D:3      | Reached skill level 1 in Unarmed Combat
  1777 | D:3      | Reached skill level 1 in Evocations
  1781 | D:3      | Reached XP level 4. HP: 32/32 MP: 7/13
  1800 | D:3      | Learned a level 3 spell: Conjure Flame
  1804 | D:3      | Learned a level 3 spell: Mephitic Cloud
  1917 | D:3      | Killed from afar by an orc priest

Vault maps used:
D:1:      tarquinn_simple_flora_water_e
D:3:      nicolae_ru_awakened_eye, hangedman_abyss_or_decor_lesser_grid,
          minmay_misc_feat_encased, hangedman_glass_teeth, supply_closet_lemuel,
          minmay_misc_feat_four_crosses, uniq_jessica

Skill      XL: |  1  2  3 |
---------------+----------+-----
Conjurations   | 2 |  2.2
Summonings     | 2 |  2.2
Translocations | 2 |  2.2
Invocations    | 1 |  1.1
Fighting       | 1 |  1.0
Short Blades   | 1 |  1.0
Long Blades    | 1 |  1.0
Axes           | 1 |  1.0
Maces & Flails | 1 |  1.0
Polearms       | 1 |  1.0
Staves         | 1 |  1.0
Slings         | 1 |  1.0
Bows           | 1 |  1.0
Crossbows      | 1 |  1.0
Throwing       | 1 |  1.0
Armour         | 1 |  1.0
Shields        | 1 |  1.0
Unarmed Combat | 1 |  1.0
Evocations     | 1 |  1.0
Dodging        | |  4.6
Stealth        | |  4.2
Spellcasting   | |  7.2
Hexes          | |  0.8
Charms         | |  0.8
Necromancy     | |  0.8
Transmutations | |  0.8
Fire Magic     | |  0.8
Ice Magic      | |  0.8
Air Magic      | |  0.8
Earth Magic    | |  0.8
Poison Magic   | |  0.8

Action                   |  1- 3 |  4- 6 || total
-------------------------+-------+-------++-------
Melee: Spear             |    21 |     3 ||    24
       Unarmed           |     8 |       ||     8
       Bite              |     2 |     1 ||     3
 Cast: Magic Dart        |    56 |    14 ||    70
       Call Imp          |     4 |     1 ||     5
       Blink             |       |     1 ||     1
  Use: Scroll            |     7 |       ||     7
 Stab: Sleeping          |     1 |       ||     1
  Eat: Chunk             |     1 |     2 ||     3
Armor: Robe              |     6 |       ||     6
Dodge: Dodged            |    38 |     3 ||    41

Table legend:
 A = Spawn XP
 B = Non-spawn XP
 C = Spawn XP percentage of total XP
 D = Spawn monster count
 E = Non-spawn monster count
 F = Spawn count percentage of total count
 G = Total turns spent on level
                    A         B        C        D         E        F      G
               +---------+---------+-------+---------+---------+-------+---------
         Total |       0 |      98 |   0.0 |       0 |      35 |   0.0 |  1917
               +---------+---------+-------+---------+---------+-------+---------
           D:1 |       0 |      24 |   0.0 |       0 |      11 |   0.0 |   951
           D:2 |       0 |      47 |   0.0 |       0 |      14 |   0.0 |   654
           D:3 |       0 |      27 |   0.0 |       0 |      10 |   0.0 |   312
               +---------+---------+-------+---------+---------+-------+---------
